 Dungeon Crawl Stone Soup version 0.18.1-8-gdd0e5ea (webtiles) character file.

42 Mefis the Magician (level 3, -2/19 HPs)
             Began as a Deep Elf Wizard on May 24, 2016.
             Shot with a stone by a goblin (7 damage)
             ... led by Robin
             ... on level 1 of the Dungeon.
             The game lasted 00:03:46 (1797 turns).

Mefis the Magician (Deep Elf Wizard)                Turns: 1797, Time: 00:03:47

Health: -2/19      AC:  2    Str:  4    XL:     3   Next: 33%
Magic:  0/11       EV: 13    Int: 23    God:
Gold:   32         SH:  0    Dex: 13    Spells: 5 memorised, 1 level left

rFire  . . .     SeeInvis .     e - +0 short sword
rCold  . . .     Gourm    .     a - +0 robe
rNeg   . . .     Faith    .     (no shield)
rPois  .         Spirit   .     b - +0 hat
rElec  .         Dismiss  .     (no cloak)
rCorr  .         Reflect  .     (no gloves)
SustAt .         Harm     .     (no boots)
MR     .....                    (no amulet)
Stlth  ++........               (no ring)
                                (no ring)

@: not resistant to hostile enchantments, unstealthy
A: no striking features
a: no special abilities


You were on level 1 of the Dungeon.
You were hungry.

You visited 1 branch of the dungeon, and saw 2 of its levels.

You collected 32 gold pieces.

Inventory:

Hand Weapons
 e - a +0 short sword (weapon)
 q - a +0 hunting sling
Missiles
 g - 7 tomahawks (quivered)
 j - 36 arrows
 n - 21 bolts
 p - 54 stones
Armour
 a - a +0 robe (worn)
 b - a +0 hat (worn)
Jewellery
 o - an uncursed ring of protection from cold {unknown}
Scrolls
 f - a scroll of teleportation {unknown}
 i - a scroll of blinking {unknown}
 k - a scroll of remove curse {unknown}
 l - 2 scrolls of identify {unknown}
 m - 2 scrolls of fear {unknown}
 s - a scroll of noise {unknown}
Potions
 h - 2 potions of curing {unknown}
Books
 c - a book of Minor Magic

   Spells                             Type                      Level
   a - Magic Dart                     Conjuration                  1
   b - Blink                          Translocation                2
   c - Call Imp                       Summoning                    2
   d - Repel Missiles                 Charms/Air                   2
   e - Slow                           Hexes                        2
   f - Conjure Flame                  Conjuration/Fire             3
   g - Mephitic Cloud                 Conjuration/Poison/Air       3
Comestibles
 d - a bread ration
 r - a beef jerky


   Skills:
 * Level 3.4 Dodging
 + Level 2.8 Stealth
 + Level 4.6 Spellcasting
 * Level 1.8 Conjurations
 + Level 1.5 Summonings
 - Level 1.1 Translocations
 + Level 0.0 Poison Magic


You had one spell level left.
You knew the following spells:

 Your Spells              Type           Power        Failure   Level  Hunger
a - Magic Dart            Conj           ##..         6%          1    None
b - Call Imp              Summ           ##......     10%         2    None
c - Blink                 Tloc           N/A          12%         2    None
d - Repel Missiles        Chrm/Air       #.....       17%         2    None
e - Mephitic Cloud        Conj/Pois/Air  #.......     24%         3    ##.....


Dungeon Overview and Level Annotations

Branches:
Dungeon (2/15)

Altars:

Annotations:
D:1 Robin


Message History

Robin says, "Feeling lonely?"
The goblin no longer looks unusually strong.
Casting: Call Imp
Confirm with . or Enter, or press ? or * to list all spells.
A shadowy apparition takes form in the air.
The goblin hits you with a club.
* * * LOW HITPOINT WARNING * * *
Your shadow imp hits the goblin.
You swap places.
Robin barely misses your shadow imp.
The goblin hits your shadow imp with a club.
Your shadow imp closely misses the goblin.
Your shadow imp hits the goblin.
The goblin dies!
Robin roars a battlecry!
The goblin goes into a battle-frenzy!
Robin hits your shadow imp but does no damage.
Your shadow imp hits Robin.
Robin hits your shadow imp with a dagger.
The goblin shoots a stone.
The stone hits you!
You die...

#...#
#...#...#.#.#...#.##...#.#
#####
#..)#...#.#.#...#.##...#.#
#...#.#.#.#.....#.##...#.#
#...#...gg###...#.##...#.#
#...####.5#.....#.##.....#
#...# #.5#.#...#.##.###.#
#### #...#
#..#.#......#...... ...#
#...# ##.#.#...########.#
##.#####...#
#@#.#...#.........
#.....#...#
#...#...#.####.###
######.#...#
#...#...#.#..#.#..
.....#.#...#
#...#...#.#..#.#.#
####.#.#...#
#...#...#.#..#.#.#
...#.#.#...#
#...#.).#.#..#.#.#
##.#.#.#...###
#.......#.#..#.#.#
#.#.#)#.....#
###.#..........#.#
#.#.#.#####.###
#.....#.######.#


You could see Robin, a goblin and 2 friendly shadow imps.

Vanquished Creatures
  A worm (D:1)
  A dart slug (D:1)
  2 giant geckos (D:1)
  6 bats (D:1)
  A giant cockroach (D:1)
  6 goblins
  4 hobgoblins
  2 jackals (D:1)
  2 giant newts (D:1)
  2 kobolds (D:1)
  6 rats
33 creatures vanquished.

Vanquished Creatures (collateral kills)
  A goblin (D:1)
1 creature vanquished.

Grand Total: 34 creatures vanquished

Notes
Turn   | Place    | Note
--------------------------------------------------------------
     0 | D:1      | Mefis the Deep Elf Wizard began the quest for the Orb.
     0 | D:1      | Reached XP level 1. HP: 10/10 MP: 7/7
   371 | D:1      | Reached XP level 2. HP: 15/15 MP: 6/9
   375 | D:1      | Learned a level 2 spell: Call Imp
   378 | D:1      | Learned a level 2 spell: Blink
   381 | D:1      | Learned a level 2 spell: Repel Missiles
  1243 | D:1      | Reached XP level 3. HP: 19/19 MP: 8/11
  1248 | D:1      | Learned a level 3 spell: Mephitic Cloud
  1768 | D:2      | Noticed Robin
  1797 | D:1      | Shot with a stone by a goblin

Skill      XL: |  1  2 |
---------------+-------+-----
Dodging        | 3 |  3.4
Stealth        | |  2.8
Spellcasting   | |  4.6
Conjurations   | |  1.8
Summonings     | |  1.5
Translocations | |  1.1

Action                   || total
-------------------------++-------
Melee: Short sword       ||     8
 Cast: Magic Dart        ||    71
       Repel Missiles    ||     1
       Call Imp          ||     4
 Stab: Sleeping          ||     3
  Eat: Chunk             ||     2
Armor: Robe              ||     3
Dodge: Dodged            ||    19
       Deflected         ||     1
